 Dungeon Crawl Stone Soup version 0.21-a0-193-g085b6a0 (webtiles) character file.

55 MackTheKnife the Cutter (level 3, 0/19 HPs)
             Began as a Vine Stalker Fighter on Aug 14, 2017.
             Was an Initiate of Okawaru.
             Succumbed to an adder's poison
             ... on level 2 of the Dungeon.
             The game lasted 00:01:15 (1795 turns).

MackTheKnife the Cutter (Vine Stalker Fighter)      Turns: 1795, Time: 00:01:16

Health: 0/19       AC:  6    Str: 22 (23) XL:     3   Next: 93%
Magic:  3/4        EV:  7    Int:  7 (8)  God:    Okawaru [......]
Gold:   65         SH:  9    Dex: 13 (14) Spells: 2/2 levels left

rFire    . . .     SeeInvis .   a - +0 rapier
rCold    . . .     Gourm    .   c - +0 shield
rNeg     . . .     Faith    .   b - +0 scale mail
rPois    .         Spirit   +   (no helmet)
rElec    .         Reflect  .   g - scarf {repulsion}
rCorr    .         Harm     .   (no gloves)
MR       .....                  (no boots)
Stlth    ..........             (no amulet)
HPRegen  0.06/turn              (no ring)
MPRegen  0.09/turn              (no ring)

@: mighty, lethally poisoned (0 -> -2), repel missiles
A: fangs 2, magic shield, antimagic bite, no potion heal 3, rot immunity
a: Renounce Religion


You were on level 2 of the Dungeon.
You worshipped Okawaru.
Okawaru was noncommittal.
You were near starving.

You visited 1 branch of the dungeon, and saw 2 of its levels.

You collected 65 gold pieces.

Inventory:

Hand Weapons
 a - a +0 rapier (weapon)
Armour
 b - a +0 scale mail (worn)
 c - a +0 shield (worn)
 g - a scarf of repulsion (worn)
   (You found it on level 1 of the Dungeon)
Scrolls
 e - 7 scrolls of identify
 i - a scroll of fog {unknown}
 k - a scroll of fear {unknown}
 l - a scroll of teleportation
Potions
 d - a potion of might
Comestibles
 f - a bread ration {@e1}
 j - a royal jelly
 m - a meat ration {@e2}


   Skills:
 - Level 2.6 Fighting
 + Level 3.7 Short Blades
 - Level 2.4 Armour
 - Level 2.6 Shields


You had 2 spell levels left.
You didn't know any spells.

Dungeon Overview and Level Annotations

Branches:
Dungeon (2/15)

Altars:
Gozag
Okawaru
Sif Muna
Uskayaw


Innate Abilities, Weirdness & Mutations

You have extremely sharp teeth.
When hurt, damage is shared between your health and your magic reserves.
Your bite disrupts and absorbs the magic of your enemies.
Potions cannot restore your health.
You are immune to rotting.


Message History

You block the bat's attack.
A bat is nearby!
You miss the bat. Your bite misses the bat. You block the bat's attack.
The bat closely misses you.
A bat is nearby!
You hit the bat.
You kill the bat!
Okawaru accepts your kill.
You see here a stone.
There is an open door here.
You see here 14 arrows.
There is an open door here.
You see here 14 arrows.
You are near starving!
Done exploring.
Done exploring.
Done exploring.
No target in view!
No target in view!
(D) Dungeon
Where to? (Enter - D:2, ? - help)
What level of the Dungeon? (default 1, ? - help)
An adder comes into view.
There is a stone staircase leading down here.
An adder is nearby!
An adder is nearby!
The adder completely misses you.
An adder is nearby!
An adder is nearby!
You miss the adder. You bite the adder. You drain its power.
The adder bites you.
You are poisoned.
The adder poisons you! The adder bites you.
An adder is nearby!
You hit the adder. You bite the adder, but do no damage.
You feel sick. The adder bites you.
You take 6 damage, and have 13/19 hp.
MASSIVE DAMAGE!!
You now have 3/4 mp.
You closely miss the adder. Your bite misses the adder.
You block the adder's attack. The adder bites you.
You are more poisoned.
The adder poisons you!
You take 1 damage, and have 12/19 hp.
You now have 2/4 mp.
You closely miss the adder.
You feel sick. The adder bites you.
You take 5 damage, and have 7/19 hp.
MASSIVE DAMAGE!!
You closely miss the adder.
You feel sick. The adder bites you but does no damage.
The adder barely misses you.
You miss the adder. The adder barely misses you.
Your shield and scale mail prevent you from hitting the adder.
Your bite misses the adder.
You feel sick. You block the adder's attack. The adder bites you.
* * * LOW HITPOINT WARNING * * *
You take 2 damage, and have 5/19 hp.
You now have 1/4 mp.
Unknown command.
You barely miss the adder. The adder closely misses you.
You miss the adder. Your bite misses the adder.
* * * LOW HITPOINT WARNING * * *
You feel sick.
The adder bites you but does no damage. x2
You take 1 damage, and have 4/19 hp.
Unknown command.
You aren't carrying any items that you can evoke.
Unknown command.
You feel very mighty all of a sudden. You block the adder's attack.
You puncture the adder!
You kill the adder!
Okawaru accepts your kill.
* * * LOW HITPOINT WARNING * * *
You feel sick.
You take 1 damage, and have 3/19 hp.
Unknown command.
There is a lethal amount of poison in your body!
It was a potion of degeneration.
There was something very wrong with that liquid.
You feel weakened.
You feel dopey.
You feel clumsy.
* * * LOW HITPOINT WARNING * * *
You feel sick.
You take 1 damage, and have 2/19 hp.
Unknown command.
Unknown command.
Unknown command.
* * * LOW HITPOINT WARNING * * *
You feel sick.
You take 1 damage, and have 1/19 hp.
Unknown command.
There is a stone staircase leading down here.
Okay, then.
As you read the scroll labeled USELIO MAPSUINT, it crumbles to dust.
It is a scroll of identify.
l - a scroll of teleportation
There is a lethal amount of poison in your body!
Unknown command.
* * * LOW HITPOINT WARNING * * *
You feel sick.
You take 1 damage, and have 1/19 hp.
You die...

#[# #(##.# #...#.#....#
#.# #..#.# #...#.#.....
#.# #..#.# #...#.#..#..
#.# #..#.# #...#.#.....
#.# #....# #...#.#..#..
#.# #.#..# #...#.#..#..
#.# #.#..# #...#.#.....
#.# #.##.#####...#.#.#.+#
#.###+##@........#.#.....
#...........##...#.###...
#................#.# #...
#..#######'##....#.# #...
#..#........#....#.# #...
#..#.....)).#....#.# #...
#..#........#....#.# #...
#..#........#....#.# #...
#..#........#....#.# #...


There were no monsters in sight!

Vanquished Creatures
  An adder (D:2)
  2 worms (D:2)
  A giant cockroach (D:1)
  6 goblins
  6 hobgoblins
  4 jackals (D:1)
  4 bats
  A frilled lizard (D:2)
  7 kobolds
  6 rats
38 creatures vanquished.

Vanquished Creatures (others)
  A bat (D:1)
1 creature vanquished.

Grand Total: 39 creatures vanquished

Notes
Turn   | Place    | Note
-------+----------+-------------------------------------------
     0 | D:1      | MackTheKnife the Vine Stalker Fighter began the quest for the Orb.
     0 | D:1      | Reached XP level 1. HP: 11/11 MP: 2/2
    50 | D:1      | Reached skill level 2 in Short Blades
    82 | D:1      | Reached XP level 2. HP: 13/16 MP: 3/3
   639 | D:1      | Reached skill level 3 in Short Blades
   713 | D:1      | Reached XP level 3. HP: 19/19 MP: 4/4
  1061 | D:2      | Found an iron altar of Okawaru.
  1077 | D:2      | Became a worshipper of Warmaster Okawaru
  1163 | D:2      | Found an opulent altar of Gozag.
  1163 | D:2      | Found a deep blue altar of Sif Muna.
  1163 | D:2      | Found a hide-covered altar of Uskayaw.
  1778 | D:2      | HP: 4/19 [poisoned by an adder]
  1783 | D:2      | HP: 2/19 [poisoned by an adder]
  1791 | D:2      | HP: 1/19 [poisoned by an adder]
  1795 | D:2      | Succumbed to an adder's poison

Vault maps used:
D:1:      tarquinn_simple_flora_water_c, hex_medium, lemuel_another_geyser
D:2:      gammafunk_temple_overflow_claw, grunt_ministairs_7, minivault_25,
          okawaru_metal_pillars_1_2

Skill      XL: |  1  2 |
---------------+-------+-----
Short Blades   | 2 3 |  3.7
Fighting       | |  2.6
Armour         | |  2.4
Shields        | |  2.6

Action                   || total
-------------------------++-------
Melee: Rapier            ||   115
       Bite              ||    24
  Use: Potion            ||     2
       Scroll            ||     1
  Eat: Chunk             ||     1
Armor: Scale mail        ||    42
Dodge: Dodged            ||    35
       Deflected         ||     1
Block: Shield            ||    68

Vault maps used:
D:1:      tarquinn_simple_flora_water_c, hex_medium, lemuel_another_geyser
D:2:      gammafunk_temple_overflow_claw, grunt_ministairs_7, minivault_25,
          okawaru_metal_pillars_1_2

Table legend:
 A = Turns spent in this place as a percentage of turns spent in the entire game.
 B = Non-inter-level travel turns spent in this place as a percentage of non-inter-level travel turns spent in the entire game.
 C = Inter-level travel turns spent in this place as a percentage of turns spent in this place.
 D = Turns resting spent in this place as a percentage of non-inter-level travel turns spent in this place.
 E = Turns spent auto-exploring this place as a percentage of non-inter-level travel turns spent in this place.
 F = Non-inter-level travel turns spent in this place divided by the number of levels of this place that you've seen.
                   A       B       C       D       E      F
               +-------+-------+-------+-------+-------+----------------------
         Total | 100.0 | 100.0 |   0.4 |   0.4 |  12.5 | 235.5
       Dungeon | 100.0 | 100.0 |   0.4 |   0.4 |  12.5 | 235.5
               +-------+-------+-------+-------+-------+----------------------

Table legend:
 A = Kills in this place as a percentage of kills in entire the game.
 B = Kills by you in this place as a percentage of kills by you in the entire game.
 C = Kills by friends in this place as a percentage of kills by friends in the entire game.
 D = Other kills in this place as a percentage of other kills in the entire game.
 E = Experience gained in this place as a percentage of experience gained in the entire game.
 F = Experience gained in this place divided by the number of levels of this place that you have seen.
                   A       B       C       D       E      F
               +-------+-------+-------+-------+-------+----------------------
         Total | 100.0 | 100.0 |  -nan |  -nan | 100.0 |  39.5
       Dungeon | 100.0 | 100.0 |  -nan |  -nan | 100.0 |  39.5
               +-------+-------+-------+-------+-------+----------------------
